 Dungeon Crawl Stone Soup version 0.30-a0-329-g85436e0a43 (webtiles) character file.

Game seed: 11213753605577973799

14977 Lobster4 the Destroyer (level 11, -15/97 HPs)
             Began as a Green Draconian Conjurer on Oct 28, 2022.
             Was a Priest of Vehumet.
             Demolished by a large slime creature (19 damage)
             ... on level 12 of the Dungeon.
             The game lasted 00:53:28 (16793 turns).

Lobster4 the Destroyer (Green Draconian Conjurer)  Turns: 16793, Time: 00:53:29

Health: -15/97     AC: 13    Str: 16    XL:     11   Next: 95%
Magic:  25/32      EV: 12    Int: 19    God:    Vehumet [***...]
Gold:   528        SH:  5    Dex: 10    Spells: 17/26 levels left

rFire   . . .      SeeInvis .    a - staff of conjuration {!a}
rCold   . . .      Faith    .    I - +0 buckler
rNeg    . . .      Spirit   .    (body armour unavailable)
rPois   +          Reflect  .    (helmet restricted)
rElec   .          Harm     .    r - +1 cloak {Will+}
rCorr   .          Rampage  .    P - +3 Mad Mage's Maulers {Infuse+∞ RegenMP Int-3}
Will    +....                    (no boots)
Stlth   ++........               (no amulet)
HPRegen 0.36/turn                s - ring of magical power
MPRegen 0.63/turn                N - +6 ring of strength

@: hasted, very quick
A: breathe noxious fumes, AC +7, unfitting armour, poison resistance,
cold-blooded
a: Breathe Noxious Fumes, Renounce Religion


You were on level 12 of the Dungeon.
You worshipped Vehumet.
Vehumet was most pleased with you.
You visited 2 branches of the dungeon, and saw 13 of its levels.
You also visited: Bailey.

You collected 762 gold pieces.
You spent 234 gold pieces at shops.

Inventory:

Hand Weapons
 w - a +0 hammer of draining
 J - a +2 falchion
 R - a +2 war axe of venom
 T - the +4 dagger "Gouc" {flame, Str+4 Int+3}
   (You found it on level 12 of the Dungeon)

   It burns those it strikes, dealing additional fire damage.
   Str:       It affects your strength (+4).
   Int:       It affects your intelligence (+3).
Missiles
 y - 8 boomerangs
 z - 5 poisoned darts (quivered)
 M - 3 curare-tipped darts
Armour
 r - a +1 cloak of willpower (worn)
 F - a +1 pair of gloves
 H - a +2 kite shield
 I - a +0 buckler (worn)
 P - the +3 Mad Mage's Maulers (worn) {Infuse+∞ RegenMP Int-3}
   (You acquired it in a bailey)

   It empowers its wearer's blows with all of their magic.
   It causes its wearer's magical reserves to regenerate more quickly.
   Int:       It affects your intelligence (-3).
Magical Staves
 a - a staff of conjuration (weapon) {!a}
 A - a staff of air
Jewellery
 s - a ring of magical power (left hand)
 N - a +6 ring of strength (right hand)
 Q - a +4 ring of protection
Wands
 o - a wand of flame (17)
 D - a wand of polymorph (4)
 O - a wand of paralysis (10)
Scrolls
 e - 4 scrolls of fear {unknown}
 f - 2 scrolls of silence {unknown}
 g - 2 scrolls of noise {unknown}
 h - 4 scrolls of teleportation
 i - 3 scrolls of enchant armour
 j - 2 scrolls of fog
 k - 3 scrolls of vulnerability {unknown}
 l - 2 scrolls of identify
 m - a scroll of enchant weapon {unknown}
 n - 2 scrolls of blinking {unknown}
 t - 4 scrolls of magic mapping
 E - a scroll of amnesia {unknown}
 G - a scroll of torment {unknown}
 K - 2 scrolls of immolation {unknown}
 L - a scroll of brand weapon {unknown}
 S - a scroll of summoning {unknown}
Potions
 b - a potion of lignification
 c - a potion of haste
 d - 3 potions of magic
 p - a potion of berserk rage
 q - 2 potions of ambrosia
 u - 6 potions of heal wounds
 v - 2 potions of invisibility
 x - a potion of might
 C - 3 potions of curing


   Skills:
 + Level 9.3 Fighting
 - Level 4.0 Staves
 - Level 1.0 Throwing
 - Level 3.0 Dodging
 - Level 2.0 Stealth
 + Level 5.9 Shields
 + Level 8.4 Spellcasting
 + Level 9.5 Conjurations
 - Level 4.0 Air Magic
 - Level 3.0 Earth Magic
 + Level 7.6 Poison Magic
 - Level 5.0 Evocations


You had 17 spell levels left.
You knew the following spells:

 Your Spells              Type           Power      Damage    Failure   Level
a - Magic Dart            Conj           100%       1d8       1%          1
b - Searing Ray           Conj           100%       2d8       1%          2
c - Poisonous Vapours     Pois/Air       60%        N/A       1%          2
d - Mephitic Cloud        Conj/Pois/Air  51%        N/A       1%          3
e - Sandblast             Erth           38%        2d10      1%          1

Your spell library contained the following spells:

 Spells                   Type           Power      Damage    Failure   Level
 Frozen Ramparts          Ice            14%        1d3       9%          3
 Dazzling Flash           Conj/Hex       78%        N/A       1%          3
 Cigotuvi's Dreadful Rot  Necr/Pois/Air  44%        N/A       3%          2
 Fulminant Prism          Conj/Hex       19%        3d11      4%          4
 Iskenderun's Mystic Bla  Conj/Tloc      39%        2d9       4%          4
 Swiftness                Air            23%        N/A       6%          3
 Passwall                 Tmut/Erth      10%        N/A       9%          2
 Inner Flame              Hex/Fire       7%         N/A       9%          3
 Slow                     Hex            28%        N/A       11%         1
 Summon Small Mammal      Summ           28%        N/A       11%         1
 Irradiate                Conj/Tmut      19%        3d18      12%         5
 Call Imp                 Summ           7%         N/A       17%         2
 Ensorcelled Hibernation  Hex/Ice        14%        N/A       17%         2
 Sublimation of Blood     Necr           7%         N/A       17%         2
 Call Canine Familiar     Summ           7%         N/A       32%         3
 Confusing Touch          Hex            7%         N/A       32%         3
 Summon Guardian Golem    Hex/Summ       7%         N/A       32%         3
 Vampiric Draining        Necr           7%         2d6       32%         3
 Petrify                  Tmut/Erth      13%        N/A       52%         4
 Cause Fear               Hex            3%         N/A       73%         4
 Dispel Undead            Necr           7%         3d8       73%         4
 Silence                  Hex/Air        7%         N/A       80%         5
 Borgnjor's Vile Clutch   Necr/Erth      6%         N/A       86%         5
 Agony                    Necr           7%         N/A       97%         5
 Discord                  Hex            3%         N/A       100%        8


Dungeon Overview and Level Annotations

Branches:
Dungeon (12/15)            Temple (1/1) D:4            Lair (0/5) D:11
 Bailey (visited)
    Orc: D:9-12

Altars:
Ashenzari
Cheibriados
Dithmenos
Elyvilon
Fedhas
Gozag
Hepliaklqana
Kikubaaqudgha
Makhleb
Nemelex Xobeh
Okawaru
Qazlal
Ru
Sif Muna
Trog
Uskayaw
Vehumet
Wu Jian
Xom
Yredelemnul
Zin
The Shining One

Shops:
D:2 :   D:10 *

Annotations:
D:5 3 runed translucent doors, lunkers's ghost, novice MeWn
D:8 Psyche


Innate Abilities, Weirdness & Mutations

You can breathe blasts of noxious fumes.
Your lurid green scales are hard. (AC +7)
You cannot fit into any form of body armour.
Your system is resistant to poisons. (rPois)
You are cold-blooded and may be slowed by cold attacks.


Message History

You feel a surge of power!
The searing ray hits the large slime creature!
The large slime creature is moderately wounded. (Press . to maintain the ray.)
The large slime creature hits you!
The searing ray hits the large slime creature!
The large slime creature is moderately wounded.
The large slime creature hits you.
The searing ray hits the large slime creature.
The large slime creature is heavily wounded.
The large slime creature hits you!
The searing ray hits the large slime creature!
The large slime creature is heavily wounded.
You finish channelling your searing ray.
The large slime creature hits you!!
Casting: Searing Ray (safe; 1% risk of failure)
Confirm with . or Enter, or press ? or * to list all spells.
Aiming: Searing Ray (safe; 1% risk of failure)
Press: ? - help, Shift-Dir - straight line, f/p - large slime creature
Aim: a large slime creature (heavily wounded, 96% to hit)
You feel a surge of power!
The searing ray hits the large slime creature.
The large slime creature is heavily wounded. (Press . to maintain the ray.)
You block the large slime creature's attack.
The searing ray hits the large slime creature.
The large slime creature is heavily wounded.
The large slime creature hits you!!
* * * LOW HITPOINT WARNING * * *
The searing ray hits the large slime creature!
The large slime creature is severely wounded.
You block the large slime creature's attack.
The searing ray hits the large slime creature.
The large slime creature is severely wounded.
You finish channelling your searing ray.
The large slime creature hits you!!
* * * LOW HITPOINT WARNING * * *
Okay, then.
You feel yourself speed up. The large slime creature hits you!!
You die...

#.# ##
#.# ..
#.# #.
#.# #J
#.# #.
#.# #.
#.#
#.#####.#
#...J@..#
#######.#
#.# #.#
#.# #.#
###


You could see a large slime creature.

Vanquished Creatures
  A boulder beetle (D:11)
  3 two-headed ogres
  An orc high priest (Bailey)
  A deep troll (D:11)
  Pikel (D:8)
  3 orc knights (Bailey)
  2 cyclopes
  A manticore (D:12)
  An unseen horror (D:12)
  A kobold demonologist (Bailey)
  Sigmund (D:4)
  A wraith (D:7)
  4 wyverns
  Eustachio (D:5)
  6 yaks
  2 basilisks (D:11)
  3 steam dragons
  A water moccasin (D:6)
  A black bear (D:7)
  2 ice beasts (D:7)
  3 sky beasts
  11 orc warriors
  2 ogres
  9 centaurs
  A lemure (D:8)
  3 phantoms
  A bullfrog (D:8)
  A necrophage (D:5)
  3 gnoll sergeants
  2 scorpions
  14 wights
  9 killer bees
  4 electric eels (Bailey)
  A howler monkey (D:5)
  2 hounds
  2 jellies
  Crazy Yiuf (D:2)
  A gnoll bouda (D:5)
  5 orc priests
  An iguana (D:6)
  19 orc wizards
  7 adders
  16 gnolls
  4 white imps
  A worm (D:4)
  3 dart slugs
  24 orcs
  8 ball pythons
  4 endoplasms
  2 giant cockroaches
  11 goblins
  17 hobgoblins
  6 jackals
  4 quokkas
  7 bats
  4 frilled lizards
  6 kobolds
  2 rats
258 creatures vanquished.

Vanquished Creatures (others)
  A goblin (Bailey)
  2 fungi (D:2)
3 creatures vanquished.

Grand Total: 261 creatures vanquished

Notes
Turn   | Place    | Note
-------+----------+-------------------------------------------
     0 | D:1      | Lobster4 the Draconian Conjurer began the quest for the
                  | Orb.
     0 | D:1      | Reached XP level 1. HP: 14/14 MP: 3/3
   199 | D:1      | Reached XP level 2. HP: 22/22 MP: 0/5
   263 | D:1      | Learned a level 2 spell: Searing Ray
   439 | D:1      | Reached skill level 1 in Fighting
   765 | D:1      | Reached XP level 3. HP: 28/28 MP: 4/6
  1230 | D:2      | Found Itrownumm's Book Shoppe.
  2596 | D:2      | Found a runed translucent door.
  2597 | D:2      | Noticed Crazy Yiuf
  2607 | D:2      | Killed Crazy Yiuf
  2608 | D:2      | Reached XP level 4. HP: 7/36 MP: 0/7
  3930 | D:4      | Found a staircase to the Ecumenical Temple.
  3965 | Temple   | Entered the Ecumenical Temple
  4061 | Temple   | Became a worshipper of Vehumet
  4371 | D:4      | Found a glowing golden altar of the Shining One.
  4455 | D:4      | Noticed a phantom
  4514 | D:4      | Noticed Sigmund
  4521 | D:4      | Killed Sigmund
  4522 | D:4      | Reached skill level 1 in Staves
  4522 | D:4      | Reached skill level 1 in Evocations
  4522 | D:4      | Reached XP level 5. HP: 42/42 MP: 0/9
  4522 | D:4      | Reached XP level 6. HP: 50/50 MP: 0/10
  4773 | D:4      | Reached skill level 5 in Conjurations
  5175 | D:5      | Entered Level 5 of the Dungeon
  5415 | D:5      | Your scales start taking on a lurid green colour.
  5415 | D:5      | Reached XP level 7. HP: 48/57 MP: 5/12
  5415 | D:5      | Gained mutation: Your system is resistant to poisons.
                  | (rPois) [Green Draconian growth]
  5488 | D:5      | Noticed Eustachio
  5862 | D:5      | Found a runed translucent gate.
  5862 | D:5      | Found a runed translucent gate.
  5862 | D:5      | Noticed lunkers's ghost (novice MeWn)
  5863 | D:5      | Found a runed translucent gate.
  6443 | D:5      | Found an ancient bone altar of Kikubaaqudgha.
  6443 | D:5      | Found a burning altar of Makhleb.
  6895 | D:6      | Reached XP level 8. HP: 54/67 MP: 2/14
  7180 | D:6      | Noticed a two-headed ogre
  7229 | D:5      | Killed Eustachio
  7302 | D:5      | Killed a two-headed ogre
  7303 | D:5      | Reached skill level 5 in Fighting
  7303 | D:5      | Reached skill level 5 in Spellcasting
  7574 | D:6      | Reached XP level 9. HP: 75/75 MP: 11/17
  7619 | D:6      | Reached * piety under Vehumet
  7619 | D:6      | Offered knowledge of Sandblast by Vehumet.
  7627 | D:6      | Learned a level 1 spell: Sandblast
  7942 | D:6      | Reached skill level 1 in Poison Magic
  8214 | D:2      | Bought a book of Minor Magic for 234 gold pieces
  8218 | D:2      | Learned a level 3 spell: Mephitic Cloud
  8328 | D:7      | Reached skill level 1 in Earth Magic
  8439 | D:7      | Learned a level 2 spell: Poisonous Vapours
  8647 | D:7      | Reached skill level 1 in Air Magic
  8692 | D:7      | Reached skill level 1 in Throwing
  9024 | D:7      | Reached skill level 1 in Shields
 10166 | D:8      | Reached XP level 10. HP: 84/84 MP: 16/19
 10443 | D:8      | Offered knowledge of Foxfire by Vehumet.
 10505 | D:8      | Noticed Psyche
 10583 | D:8      | Noticed Pikel
 10662 | D:8      | Killed Pikel
 10966 | D:8      | Reached ** piety under Vehumet
 11410 | D:9      | Noticed a two-headed ogre
 11711 | D:9      | Killed a two-headed ogre
 11975 | D:9      | Reached skill level 5 in Poison Magic
 12951 | D:10     | Entered Level 10 of the Dungeon
 12951 | D:10     | Found a broken altar of Ashenzari.
 12983 | D:10     | Noticed an angel
 13078 | D:10     | Found Kuwoek's Hallowed Reliquary.
 13092 | D:10     | Noticed a cyclops
 13117 | D:10     | Killed a cyclops
 13118 | D:10     | Reached skill level 5 in Evocations
 13187 | D:10     | Found a stormy altar of Qazlal.
 13238 | D:10     | Found a flagged portal.
 13270 | Bailey   | Entered a bailey
 13330 | Bailey   | Reached XP level 11. HP: 94/94 MP: 22/22
 13421 | Bailey   | Noticed an orc knight
 13454 | Bailey   | Killed an orc knight
 13628 | Bailey   | Noticed an orc knight
 13658 | Bailey   | Killed an orc knight
 13658 | Bailey   | Offered knowledge of Hailstorm by Vehumet.
 13905 | Bailey   | Noticed an orc knight
 13997 | Bailey   | Found an iron altar of Okawaru.
 13999 | Bailey   | Noticed an orc high priest
 14018 | Bailey   | Acquired the +3 Mad Mage's Maulers {Infuse+∞ RegenMP Int-3}
 14018 | Bailey   | Found the +3 Mad Mage's Maulers {Infuse+∞ RegenMP Int-3}
 14268 | Bailey   | Killed an orc knight
 14280 | Bailey   | Reached *** piety under Vehumet
 14449 | Bailey   | Killed an orc high priest
 14598 | Bailey   | Got Sif Muna's Compilation of the Assassin and Unhallowed
                  | Deeds
 14890 | D:10     | Noticed a two-headed ogre
 14983 | D:10     | Killed a two-headed ogre
 14984 | D:10     | Reached skill level 5 in Shields
 15666 | D:11     | Noticed a boulder beetle
 15683 | D:11     | Killed a boulder beetle
 15852 | D:11     | Offered knowledge of Frozen Ramparts by Vehumet.
 16018 | D:11     | Noticed a deep troll
 16026 | D:11     | Killed a deep troll
 16192 | D:11     | Found a staircase to the Lair.
 16548 | D:12     | Identified the +4 dagger "Gouc" {flame, Str+4 Int+3}
 16792 | D:12     | HP: 3/97 [large slime creature (26)]
 16793 | D:12     | Demolished by a large slime creature

Illustrated notes

Levels and vault maps discovered:
D:1:      kilobyte_arrival_exit_the_forest, layout_basic,
          minmay_misc_feat_square, minmay_nonomino_d4
D:2:      layout_basic, serial_shops, nicolae_shop_hallway_plus, minmay_puff,
          uniq_crazy_yiuf_cottage
D:3:      layout_loops_corners
D:4:      layout_gridville, marbit_many_paths, minmay_temple_entry_junction_2,
          uniq_sigmund
D:5:      layout_loops_corners, gammafunk_temple_overflow_statue,
          gammafunk_ghost_nasty_kobolds, uniq_eustachio
D:6:      layout_loops_cross
D:7:      layout_basic, minmay_a_box_with_orc_wizards_in_it
D:8:      layout_loops_ring, dk_noncrumbling_2, uniq_pikel, uniq_psyche
D:9:      layout_loops_corners
D:10:     layout_rooms, cheibrodos_ashenzari_chains,
          nicolae_qazlal_scattered_showers, enter_bailey_1,
          hangedman_decor_growths, nicolae_good_shop
D:11:     dreamdust_cave_troll, layout_basic, erik_lair_dragon
D:12:     layout_basic, david_orc_5, fedhas_altar_4
Temple:   minmay_temple_bridge_d

Skill      XL: |  1  2  3  4  5  6  7  8  9 10 11 |
---------------+----------------------------------+-----
Stealth        | 2 |  2.0
Dodging        | 2 3 |  3.0
Fighting       | 1 2 3 4 5 6 8 9 |  9.3
Staves         | 1 2 3 4 |  4.0
Spellcasting   | 3 4 5 6 7 8 |  8.4
Evocations     | 1 2 3 4 5 |  5.0
Conjurations   | 5 6 7 8 9 |  9.5
Poison Magic   | 3 5 7 |  7.6
Earth Magic    | 2 3 |  3.0
Air Magic      | 2 3 4 |  4.0
Throwing       | 1 |  1.0
Shields        | 2 4 5 |  5.9

Action                   |  1- 3 |  4- 6 |  7- 9 | 10-12 || total
-------------------------+-------+-------+-------+-------++-------
Melee: Unarmed           |     3 |       |       |       ||     3
       Club              |    35 |       |       |       ||    35
       Tailslap          |    16 |       |     4 |     4 ||    24
       Mace              |    28 |     2 |       |       ||    30
       Staff             |       |     6 |    16 |    22 ||    44
Throw: Dart              |       |       |     8 |    34 ||    42
       Boomerang         |       |       |     2 |       ||     2
 Cast: Magic Dart        |    60 |    76 |    92 |    90 ||   318
       Searing Ray       |     2 |     9 |    58 |   112 ||   181
       Mephitic Cloud    |       |       |     1 |     7 ||     8
       Poisonous Vapours |       |       |       |    42 ||    42
 Abil: Breathe Noxious F |       |       |     4 |     4 ||     8
Evoke: Wand              |       |       |       |     2 ||     2
  Use: Scroll            |       |     3 |     6 |     6 ||    15
       Potion            |       |       |     1 |     4 ||     5
Armor: Skin              |    25 |     7 |    35 |    68 ||   135
Dodge: Dodged            |    37 |    14 |    51 |   116 ||   218
Block: Buckler           |       |       |       |    28 ||    28

Table legend: (Time is in decaauts)
 A = Elapsed time spent in this place.
 B = Non-inter-level travel time spent in this place.
 C = Inter-level travel time spent in this place.
 D = Time resting spent in this place.
 E = Time spent auto-exploring this place.
 F = Levels seen in this place.
 G = Mean time per level.
                   A        B        C        D        E       F      G
               +--------+--------+--------+--------+--------+-----+--------+
         Total |  16859 |  16022 |    837 |   2288 |  10870 |  14 | 1204.2 |
       Dungeon |  15164 |  14418 |    746 |   1697 |  10593 |  12 | 1263.7 |
        Temple |    167 |     76 |     91 |      0 |     65 |   1 |  167.0 |
        Bailey |   1526 |   1526 |      0 |    591 |    212 |   1 | 1526.0 |
               +--------+--------+--------+--------+--------+-----+--------+

Top non-repeatable levels by time:
     D:5: 1765 daAuts
     D:9: 1597 daAuts
     D:8: 1571 daAuts
     D:2: 1557 daAuts
     D:7: 1542 daAuts
  Bailey: 1526 daAuts
     D:6: 1243 daAuts
     D:1: 1231 daAuts
     D:3: 1199 daAuts
     D:4: 1174 daAuts
    D:11: 1155 daAuts
    D:10: 811 daAuts
    D:12: 313 daAuts
  Temple: 167 daAuts
